Workbook

Sheet Додаток 2 2025-2027
H1: Додаток 2
A2: Результативні показники, що характеризують виконання Програми
A4: № з/п | B4: Заходи | C4: Показники | D4: Джерело інформації | E4: Одиниця виміру | F4: 2025 | G4: 2026 | H4: 2027
A5: Загальний обсяг видатків на виконання заходів | E5: тис.грн | F5: =F7+F266+F453+F1127+F1193+F1344 -> 136430.46 | G5: =G7+G266+G453+G1127+G1193+G1344 -> 183960.42 | H5: =H7+H266+H453+H1127+H1193+H1344 -> 445334.03
A6: І. Водопровідно-каналізаційне господарство
A7: Загальний обсяг видатків на виконання заходів | E7: тис. грн | F7: =F10+F19+F28+F37+F46+F55+F64+F73+F82+F91+F100+F109+F118+F127+F136+F145+F154+F163+F172+F181+F190+F199+F208+F217+F226+F235+F244+F257 -> 12091.134 | G7: =G10+G19+G28+G37+G46+G55+G64+G73+G82+G91+G100+G109+G118+G127+G136+G145+G154+G163+G172+G181+G190+G199+G208+G217+G226+G235+G244+G257 -> 16240.143 | H7: =H10+H19+H28+H37+H46+H55+H64+H73+H82+H91+H100+H109+H118+H127+H136+H145+H154+H163+H172+H181+H190+H199+H208+H217+H226+H235+H244+H257 -> 283855.5
A8: 1.1 | B8: Організація належного утримання та санітарного очищення зливової каналізації | C8: ='Додаток 1 2025-2027'!B12 -> Поточне утримання мереж зливової каналізації
C9: Показники затрат:
C10: обсяг видатків, пов'язаний з поточним утриманням мереж зливової каналізації | D10: кошторис | E10: тис грн | F10: ='Додаток 1 2025-2027'!G12 -> 1462.792 | G10: ='Додаток 1 2025-2027'!H12 -> 1541.794 | H10: ='Додаток 1 2025-2027'!I12 -> 2148.451
C11: Показники продукту:
C12: протяжність мереж зливової каналізації, яка підлягає поточному утриманню | D12: рішення ЮМР про передачу | E12: тис.м | F12: 28.7406 | G12: 30.36345 | H12: 30.36345
C13: Показники ефективності:
C14: середня сума витрат на поточне утримання 1 м мережі зливової каналізації | D14: розрахункові дані | E14: грн/м | F14: =F10/F12 -> 50.896363 | G14: =G10/G12 -> 50.777958 | H14: =H10/H12 -> 70.757803
C15: Показники якості:
C16: рівень забезпечення належного утримання та санітарного очищення зливової каналізації | D16: прогнозні дані | E16: % | F16: 100 | G16: 100 | H16: 100
A17: 1.2 | B17: Забезпечення функціонування зливової каналізації | C17: ='Додаток 1 2025-2027'!B13 -> Проведення моніторингу якості зливових вод
C18: Показники затрат:
C19: обсяг видатків, пов'язаний з проведенням моніторингу якості зливових вод | D19: кошторис | E19: тис.грн | F19: ='Додаток 1 2025-2027'!G13 -> 85.709 | G19: ='Додаток 1 2025-2027'!H13 -> 120.364 | H19: ='Додаток 1 2025-2027'!I13 -> 127.831
C20: Показники продукту:
C21: кількість заходів, які плануються провести | D21: розрахункові дані | E21: од. | F21: 4 | G21: 4 | H21: 4
C22: Показники ефективності:
C23: середня сума витрат на проведення 1 заходу з моніторингу якості зливових вод | D23: розрахункові дані | E23: тис.грн/од. | F23: =F19/F21 -> 21.42725 | G23: =G19/G21 -> 30.091 | H23: =H19/H21 -> 31.95775
C24: Показники якості:
C25: рівень забезпечення функціонування зливової каналізації | D25: прогнозні дані | E25: % | F25: 100 | G25: 100 | H25: 100
A26: 1.3 | B26: Забезпечення функціонування зливової каналізації | C26: ='Додаток 1 2025-2027'!B14 -> Сплата екологічного податку
C27: Показники затрат:
C28: обсяг видатків, пов'язаний зі сплатою екологічного податку | D28: кошторис | E28: тис.грн | F28: ='Додаток 1 2025-2027'!G14 -> 378.429 | G28: ='Додаток 1 2025-2027'!H14 -> 443.484 | H28: ='Додаток 1 2025-2027'!I14 -> 202.663
C29: Показники продукту:
C30: кількість податків, які планується сплатити | D30: розрахункові дані | E30: од. | F30: 4 | G30: 4 | H30: 4
C31: Показники ефективності:
C32: середня сума витрат на сплату 1 податку | D32: розрахункові дані | E32: тис.грн/ од. | F32: =F28/F30 -> 94.60725 | G32: =G28/G30 -> 110.871 | H32: =H28/H30 -> 50.66575
C33: Показники якості:
C34: рівень забезпечення функціонування зливової каналізації | D34: прогнозні дані | E34: % | F34: 100 | G34: 100 | H34: 100
A35: 1.4 | B35: Забезпечення функціонування зливової каналізації | C35: ='Додаток 1 2025-2027'!B15 -> Поточний ремонт ділянки мереж внутрішньоквартальної зливової каналізації від колодязя Кл 466 до колодязя Кл 468 на території ДНЗ № 2 "Лелеченя" м. Південного Одеського району Одеської області
C36: Показники затрат:
C37: обсяг видатків, пов'язаний з поточним ремонтом ділянки мереж зливової каналізації | D37: кошторис | E37: тис.грн | H37: ='Додаток 1 2025-2027'!I15 -> 450
C38: Показники продукту:
C39: протяжність діялянки мереж зливової каналізації, яка підлягає поточному ремонту | D39: дефектний акт | E39: тис. м | H39: 0.043
C40: Показники ефективності:
C41: середня сума витрат на поточний ремонт 1 м ділянки мережі зливової каналізації | D41: розрахункові дані | E41: грн/м | H41: =H37/H39 -> 10465.116
C42: Показники якості:
C43: рівень забезпечення функціонування зливової каналізації | D43: прогнозні дані | E43: % | H43: 100
A44: 1.5 | B44: Забезпечення функціонування зливової каналізації | C44: ='Додаток 1 2025-2027'!B16 -> Поточний ремонт зовнішньої мережі зливової каналізації від колодязя Кл 132 до колодязя Кл 133 біля житлового будинку № 18 по вул. Хіміків м. Південного Одеського району Одеської області
C45: Показники затрат:
C46: обсяг видатків, пов'язаний з поточним ремонтом зовнішньої мережі зливової каналізації | D46: кошторис | E46: тис.грн | H46: ='Додаток 1 2025-2027'!I16 -> 295.9
C47: Показники продукту:
C48: протяжність зовнішньої мережі зливової каналізації, яка підлягає поточному ремонту | D48: дефектний акт | E48: тис. м | H48: 0.0221
C49: Показники ефективності:
C50: середня сума витрат на поточний ремонт 1 м зовнішньої мережі зливової каналізації | D50: розрахункові дані | E50: грн/м | H50: =H46/H48 -> 13389.14
C51: Показники якості:
C52: рівень забезпечення функціонування зливової каналізації | D52: прогнозні дані | E52: % | H52: 100
A53: 1.6 | B53: Забезпечення функціонування зливової каналізації | C53: ='Додаток 1 2025-2027'!B17 -> Поточний ремонт зовнішньої мережі зливової каналізації за адресою: просп. Григорівського десанту, буд. № 26 від колодязя Кл 141 до колодязя Кл 144 м. Південного Одеського району Одеської області
C54: Показники затрат:
C55: обсяг видатків, пов'язаний з проведенням поточного ремонту зовнішньої мережі зливової каналізації | D55: кошторис | E55: тис.грн | G55: ='Додаток 1 2025-2027'!H17 -> 0 | H55: ='Додаток 1 2025-2027'!I17 -> 298.5
C56: Показники продукту:
C57: протяжність зовнішньої мережі зливової каналізації, яка підлягає поточному ремонту | D57: дефектний акт | E57: тис. м | H57: 0.031
C58: Показники ефективності:
C59: середня сума витрат на поточний ремонт 1 м зовнішньої мережі зливової каналізації | D59: розрахункові дані | E59: грн/м | H59: =H55/H57 -> 9629.0323
C60: Показники якості:
C61: рівень забезпечення функціонування зливової каналізації | D61: прогнозні дані | E61: % | H61: 100
A62: 1.7 | B62: Забезпечення функціонування зливової каналізації | C62: ='Додаток 1 2025-2027'!B18 -> Проведення технічної інвентаризації та виготовлення технічного паспорту мереж зливової каналізації м. Південного Одеського району Одеської області
C63: Показники затрат:
C64: обсяг видатків, пов'язаний з проведенням технічної інвентаризації та виготовленням технічного паспорту | D64: цінова пропозиція | E64: тис.грн | F64: ='Додаток 1 2025-2027'!G18 -> 385.28
C65: Показники продукту:
C66: кількість заходів з технічної інвентаризації та виготовлення технічного паспорту, які планується провести | D66: розрахункові дані | E66: од. | F66: 1
C67: Показники ефективності:
C68: середня сума витрат на проведення 1 заходу з технічної інвентаризації та виготовлення технічного паспорту | D68: розрахункові дані | E68: грн/од. | F68: =F64/F66 -> 385.28
C69: Показники якості:
C70: рівень готовності проведення технічної інвентаризації, виготовлення технічного паспорту | D70: прогнозні дані | E70: % | F70: 100
A71: 1.8 | B71: Забезпечення функціонування водопровідних мереж | C71: ='Додаток 1 2025-2027'!B19 -> Проведення технічної інвентаризації, виготовлення технічного паспорту водопровідних мереж селища Нові Білярі Південнівської міської територіальної громади Одеського району Одеської області
C72: Показники затрат:
C73: обсяг видатків, пов'язаний з проведенням технічної інвентаризації, виготовленням технічного паспорту | D73: цінова пропозиція | E73: тис.грн | H73: ='Додаток 1 2025-2027'!I19 -> 99.234
C74: Показники продукту:
C75: кількість заходів з технічної інвентаризації, виготовлення технічного паспорту, які планується провести | D75: розрахункові дані | E75: од. | H75: 1
C76: Показники ефективності:
C77: середня сума витрат на проведення 1 заходу з технічної інвентаризації, виготовлення технічного паспорту | D77: розрахункові дані | E77: тис.грн/од. | H77: =H73/H75 -> 99.234
C78: Показники якості:
C79: рівень готовності проведення технічної інвентаризації, виготовлення технічного паспорту | D79: прогнозні дані | E79: % | H79: 100
A80: 1.9 | B80: Забезпечення функціонування водопровідних мереж | C80: ='Додаток 1 2025-2027'!B20 -> Проведення технічної інвентаризації, виготовлення технічного паспорту водопровідних мереж с. Булдинка Южненської міської територіальної громади Одеського району Одеської області
C81: Показники затрат:
C82: обсяг видатків, пов'язаний з проведенням технічної інвентаризації, виготовленням технічного паспорту | D82: цінова пропозиція | E82: тис.грн | F82: ='Додаток 1 2025-2027'!G20 -> 26.75
C83: Показники продукту:
C84: кількість заходів з технічної інвентаризації, виготовлення технічного паспорту, які планується провести | D84: розрахункові дані | E84: од. | F84: 1
C85: Показники ефективності:
C86: середня сума витрат на проведення 1 заходу з технічної інвентаризації, виготовлення технічного паспорту | D86: розрахункові дані | E86: тис.грн/од. | F86: =F82/F84 -> 26.75
C87: Показники якості:
C88: рівень готовності проведення технічної інвентаризації, виготовлення технічного паспорту | D88: прогнозні дані | E88: % | F88: 100
A89: 1.10 | B89: Забезпечення функціонування водопровідних мереж | C89: ='Додаток 1 2025-2027'!B21 -> Проведення технічної інвентаризації, виготовлення технічного паспорту водопровідних мереж с. Сичавка Південнівської міської територіальної громади Одеського району Одеської області
C90: Показники затрат:
C91: обсяг видатків, пов'язаний з проведенням технічної інвентаризації, виготовленням технічного паспорту | D91: цінова пропозиція | E91: тис.грн | H91: ='Додаток 1 2025-2027'!I21 -> 99.68
C92: Показники продукту:
C93: кількість заходів з технічної інвентаризації, виготовлення технічного паспорту, які планується провести | D93: розрахункові дані | E93: од. | H93: 1
C94: Показники ефективності:
C95: середня сума витрат на проведення 1 заходу з технічної інвентаризації, виготовлення технічного паспорту | D95: розрахункові дані | E95: тис.грн/од. | H95: =H91/H93 -> 99.68
C96: Показники якості:
C97: рівень готовності проведення технічної інвентаризації, виготовлення технічного паспорту | D97: прогнозні дані | E97: % | H97: 100
A98: 1.11 | B98: Забезпечення функціонування водопровідних мереж | C98: ='Додаток 1 2025-2027'!B22 -> Проведення технічної інвентаризації, виготовлення технічного паспорту водопровідних мереж с. Кошари Южненської міської територіальної громади Одеського району Одеської області
C99: Показники затрат:
C100: обсяг видатків, пов'язаний з проведенням технічної інвентаризації, виготовленням технічного паспорту | D100: цінова пропозиція | E100: тис.грн | F100: ='Додаток 1 2025-2027'!G22 -> 27.876
C101: Показники продукту:
...

Sheet Додаток 1 2025-2027
J1: Додаток 1
A2: ЗАВДАННЯ І ЗАХОДИ РЕАЛІЗАЦІЇ ПРОГРАМИ
A3: № з/п | B3: Перелік заходів Програми | C3: Всього вартість робіт, тис. грн | D3: Термін виконання заходу | E3: Виконавці | F3: Джерела фінансування | G3: Орієнтовні обсяги фінансування (вартість), тис.грн, у тому числі | K3: Очікуваний результат
G4: За роками | J4: Всього
G5: 2025 | H5: 2026 | I5: 2027
A6: 1 | B6: 2 | D6: 3 | E6: 4 | F6: 5 | G6: 6 | H6: 7 | I6: 8 | J6: 9 | K6: 10
B7: РАЗОМ ЗА ПРОГРАМОЮ | F7: Всього | G7: =G10+G8+G9 -> 136430.46 | H7: =H10+H8+H9 -> 183960.42 | I7: =I10+I8+I9 -> 445334.03 | J7: =J10+J8+J9 -> 765724.91 | L7: =J41+J71+J154+J186+J199+J164 -> 765724.91
F8: Обласний бюджет | G8: =G72 -> 7997.976 | H8: =H72 -> 2000 | I8: =I72 -> 0 | J8: =J72 -> 9997.976
F9: Інші джерела | G9: =G73 -> 0 | H9: =H73 -> 2603.613 | I9: =I73 -> 0 | J9: =J73 -> 2603.613
F10: Місцевий бюджет | G10: =G42+G74+G155+G165+G187+G200 -> 128432.48 | H10: =H42+H74+H155+H165+H187+H200 -> 179356.81 | I10: =I42+I74+I155+I165+I187+I200 -> 445334.03 | J10: =G10+H10+I10 -> 753123.32
A11: І. Водопровідно-каналізаційне господарство
A12: 1 | B12: Поточне утримання мереж зливової каналізації | C12: =J12 -> 5153.037 | D12: 2025-2027 | E12: УЖКГ ПМР/КП "Южводоканал" | F12: Місцевий бюджет | G12: 1462.792 | H12: 1541.794 | I12: 2148.451 | J12: =G12+H12+I12 -> 5153.037 | L12: готово
A13: 2 | B13: Проведення моніторингу якості зливових вод | C13: =J13 -> 333.904 | D13: 2025-2027 | E13: УЖКГ ПМР/КП "Южводоканал" | F13: Місцевий бюджет | G13: 85.709 | H13: 120.364 | I13: 127.831 | J13: =G13+H13+I13 -> 333.904 | L13: готово
A14: 3 | B14: Сплата екологічного податку | C14: =J14 -> 1024.576 | D14: 2025-2027 | E14: УЖКГ ПМР/КП "Южводоканал" | F14: Місцевий бюджет | G14: 378.429 | H14: 443.484 | I14: 202.663 | J14: =G14+H14+I14 -> 1024.576 | L14: готово
A15: 4 | B15: Поточний ремонт ділянки мереж внутрішньоквартальної зливової каналізації від колодязя Кл 466 до колодязя Кл 468 на території ДНЗ № 2 "Лелеченя" м. Південного Одеського району Одеської області | C15: =J15 -> 450 | D15: 2027 | E15: УЖКГ ПМР/КП "Южводоканал" | F15: Місцевий бюджет | I15: 450 | J15: =G15+H15+I15 -> 450 | L15: готово
A16: 5 | B16: Поточний ремонт зовнішньої мережі зливової каналізації від колодязя Кл 132 до колодязя Кл 133 біля житлового будинку № 18 по вул. Хіміків м. Південного Одеського району Одеської області | C16: =J16 -> 295.9 | D16: 2027 | E16: УЖКГ ПМР/КП "Южводоканал" | F16: Місцевий бюджет | I16: 295.9 | J16: =G16+H16+I16 -> 295.9 | L16: готово
A17: 6 | B17: Поточний ремонт зовнішньої мережі зливової каналізації за адресою: просп. Григорівського десанту, буд. № 26 від колодязя Кл 141 до колодязя Кл 144 м. Південного Одеського району Одеської області | C17: =J17 -> 298.5 | D17: 2027 | E17: УЖКГ ПМР/КП "Южводоканал" | F17: Місцевий бюджет | I17: 298.5 | J17: =G17+H17+I17 -> 298.5 | L17: готово
A18: 7 | B18: Проведення технічної інвентаризації та виготовлення технічного паспорту мереж зливової каналізації м. Південного Одеського району Одеської області | C18: =J18 -> 385.28 | D18: 2025 | E18: УЖКГ ПМР/КП "Южводоканал" | F18: Місцевий бюджет | G18: 385.28 | J18: =G18+H18+I18 -> 385.28
A19: 8 | B19: Проведення технічної інвентаризації, виготовлення технічного паспорту водопровідних мереж селища Нові Білярі Південнівської міської територіальної громади Одеського району Одеської області | C19: =J19 -> 99.234 | D19: 2027 | E19: УЖКГ ПМР/КП "Южводоканал" | F19: Місцевий бюджет | I19: 99.234 | J19: =G19+H19+I19 -> 99.234 | L19: готово
A20: 9 | B20: Проведення технічної інвентаризації, виготовлення технічного паспорту водопровідних мереж с. Булдинка Южненської міської територіальної громади Одеського району Одеської області | C20: =J20 -> 26.75 | D20: 2025 | E20: УЖКГ ПМР/КП "Южводоканал" | F20: Місцевий бюджет | G20: 26.75 | J20: =G20+H20+I20 -> 26.75
A21: 10 | B21: Проведення технічної інвентаризації, виготовлення технічного паспорту водопровідних мереж с. Сичавка Південнівської міської територіальної громади Одеського району Одеської області | C21: =J21 -> 99.68 | D21: 2027 | E21: УЖКГ ПМР/КП "Южводоканал" | F21: Місцевий бюджет | I21: 99.68 | J21: =G21+H21+I21 -> 99.68 | L21: готово
A22: 11 | B22: Проведення технічної інвентаризації, виготовлення технічного паспорту водопровідних мереж с. Кошари Южненської міської територіальної громади Одеського району Одеської області | C22: =J22 -> 27.876 | D22: 2025 | E22: УЖКГ ЮМР/КП "Южводоканал" | F22: Місцевий бюджет | G22: 27.876 | J22: =G22+H22+I22 -> 27.876
A23: 12 | B23: Коригування проєктної документації "Реконструкція мереж вуличного водопроводу від камери В 6 розташованої біля торговельного центру "Плаза" до камери В 0 по просп. Григорівського десанту та від камери В 0 вздовж вул. Приморської до колодязя В 27 по вул. Іванова м. Южного Одеської області" | C23: =J23 -> 229.023 | D23: 2027 | E23: УКБ ПМР | F23: Місцевий бюджет | I23: 229.023 | J23: =G23+H23+I23 -> 229.023 | L23: готово
A24: 13 | B24: Реконструкція водопровідного колектору від ВНС до вул. Хіміків м. Южного Одеської області | C24: 239729.04 | D24: 2019-2027 | E24: УКБ ПМР | F24: Місцевий бюджет | I24: 238659.48 | J24: =G24+H24+I24 -> 238659.48 | L24: готово | M24: немає деф акту
A25: 14 | B25: Реконструкція резервуара води № 1 м. Южного Одеської області | C25: =J25 -> 33461.282 | D25: 2027 | E25: УКБ ПМР | F25: Місцевий бюджет | I25: 33461.282 | J25: =G25+H25+I25 -> 33461.282 | L25: готово
A26: 15 | B26: Проєктні роботи "Капітальний ремонт ділянки мереж трубопроводу холодного водопостачання від колодязя В 20 по вул. Хіміків, 8 до колодязя В 81 по вул. Т.Г. Шевченка, 7 м. Южного Одеського району Одеської області" | C26: =J26 -> 249.982 | D26: 2027 | E26: УКБ ПМР | F26: Місцевий бюджет | I26: 249.982 | J26: =G26+H26+I26 -> 249.982
A27: 16 | B27: Проєктні роботи "Капітальний ремонт ділянки мереж внутрішньоквартального водопроводу від колодязя В 7 по вул. Т.Г. Шевченка, 6 до колодязя В 81 по вул. Т.Г. Шевченка, 7 м. Южного Одеського району Одеської області" | C27: =J27 -> 99.319 | D27: 2027 | E27: УКБ ПМР | F27: Місцевий бюджет | I27: 99.319 | J27: =G27+H27+I27 -> 99.319
A28: 17 | B28: Коригування проєктної документації "Будівництво мереж водопостачання у мікрорайоні 1.7 м. Южного Одеської області" | C28: =J28 -> 239.877 | D28: 2027 | E28: УКБ ПМР | F28: Місцевий бюджет | I28: 239.877 | J28: =G28+H28+I28 -> 239.877
A29: 18 | B29: Коригування проєктної документації "Будівництво мереж зливової каналізації у мікрорайоні 1.7 м. Южного Одеської області" | C29: =J29 -> 238.708 | D29: 2027 | E29: УКБ ПМР | F29: Місцевий бюджет | I29: 238.708 | J29: =G29+H29+I29 -> 238.708
A30: 19 | B30: Коригування проєктної документації "Будівництво мереж господарсько-побутової каналізації у мікрорайоні 1.7 м. Южного Одеської області" | C30: =J30 -> 238.748 | D30: 2027 | E30: УКБ ПМР | F30: Місцевий бюджет | I30: 238.748 | J30: =G30+H30+I30 -> 238.748
A31: 20 | B31: Проєктні роботи "Капітальний ремонт ділянки мереж трубопроводу холодного водопостачання від колодязя В184 по вул. Кедрова до колодязя В186 по вул. Центральна м. Южного Одеського району Одеської області" | C31: =J31 -> 238.707 | D31: 2027 | E31: УКБ ПМР | F31: Місцевий бюджет | I31: 238.707 | J31: =G31+H31+I31 -> 238.707
A32: 21 | B32: Проєктні роботи «Капітальний ремонт ділянки мереж трубопроводу холодного водопостачання від колодязя В 74 по вул. Приморській, 19 до колодязя В 33 по просп. Григорівського десанту, 8 м. Південного Одеського району Одеської області» | C32: =J32 -> 149.705 | D32: 2027 | E32: УКБ ПМР | F32: Місцевий бюджет | I32: 149.705 | J32: =G32+H32+I32 -> 149.705 | L32: готово
A33: 22 | B33: Коригування проєктної документації "Капітальний ремонт ділянки магістрального водопроводу від колодязя В 75 по вул. Приморській до камери В 0 по просп. Григорівського десанту м. Южного Одеського району Одеської області" | C33: =J33 -> 87.42 | D33: 2027 | E33: УКБ ПМР | F33: Місцевий бюджет | I33: 87.42 | J33: =G33+H33+I33 -> 87.42 | L33: готово
A34: 23 | B34: Капітальний ремонт ділянки магістрального водопроводу від колодязя В 13 до колодязя В 26 по вул. Хіміків м. Южного Одеського району Одеської області | C34: =J34 -> 6030.995 | D34: 2027 | E34: УКБ ПМР | F34: Місцевий бюджет | I34: 6030.995 | J34: =G34+H34+I34 -> 6030.995 | L34: готово
A35: 24 | B35: Відшкодування різниці між затвердженим та економічно обґрунтованим тарифом на послуги з централізованого водопостачання для населення селища Нові Білярі та с. Булдинка | C35: =J35 -> 319.376 | D35: 2025-2026 | E35: УЖКГ ПМР/КП "Южводоканал" | F35: Місцевий бюджет | G35: 187.936 | H35: 131.44 | J35: =G35+H35+I35 -> 319.376 | L35: готово
A36: 25 | B36: Відшкодування різниці між затвердженим та економічно обґрунтованим тарифом на послуги з централізованого водовідведення для населення м. Південного Одеського району Одеської області | C36: =J36 -> 18468.261 | D36: 2025-2026 | E36: УЖКГ ПМР/КП "Южводоканал" | F36: Місцевий бюджет | G36: =9096.398+247.019 -> 9343.417 | H36: 9124.844 | J36: =G36+H36+I36 -> 18468.261 | L36: готово
A37: 26 | B37: Коригування проєктної документації: "Капітальний ремонт ділянки магістрального водопроводу від колодязя В 13 до колодязя В 26 по вул. Хіміків м. Южного Одеського району Одеської області" | C37: 60 | D37: 2024-2027 | E37: УКБ ПМР | F37: Місцевий бюджет | I37: 60 | J37: =G37+H37+I37 -> 60 | L37: готово
A38: 27 | B38: Капітальний ремонт ділянки магістрального водопроводу від колодязя В 1 по проспекту Григорівського десанту до колодязя В 5 по вул. Т.Г. Шевченка м. Южного Одеського району Одеської області у т.ч.: | C38: =J38 -> 5071.162 | D38: 2024-2026 | E38: УКБ ПМР | F38: Місцевий бюджет | G38: =G39 -> 192.945 | H38: =5071.162-G39 -> 4878.217 | J38: =G38+H38+I38 -> 5071.162 | M38: не переносить на 2026 рік_ 07_2026 | N38: =J38-C38 -> 0
B39: проєкні роботи | C39: =J39 -> 192.945 | G39: 192.945 | J39: =G39+H39+I39 -> 192.945 | N39: =C39-G39 -> 0
A40: 28 | B40: Проєктні роботи «Нове будівництво мереж господарсько-побутової каналізації по вулицях Вишневій та Польовій м. Південного Одеського району Одеської області». | C40: =J40 -> 150 | D40: 2027 | E40: УКБ ПМР | F40: Місцевий бюджет | I40: 150 | J40: =G40+H40+I40 -> 150 | L40: документи
A41: Всього за розділом, в т.ч.: | G41: =G42 -> 12091.134 | H41: =H42 -> 16240.143 | I41: =I42 -> 283855.5 | J41: =J42 -> 312186.78 | L41: =J12+J13+J14+J15+J16+J17+J18+J19++J20+J21+J22+J23+J24+J25+J26+J27+J28+J29+J30+J31+J32+J33+J34+J36+J37+J38+J35+J40 -> 312186.78
A42: місцевий бюджет: | G42: =SUM(G12:G40)-G39 -> 12091.134 | H42: =SUM(H12:H40)-H39 -> 16240.143 | I42: =SUM(I12:I40)-I39 -> 283855.5 | J42: =SUM(J12:J40)-J39 -> 312186.78 | K42: =SUM(K12:K39)-#REF!-K39 -> #REF! | L42: =G42+H42+I42 -> 312186.78
A43: ІІ. Теплове господарство
A44: 1 | B44: Капітальний ремонт покрівлі будівлі АБК і РММ на котельні за адресою: вул. Старомиколаївське шосе, 8, м. Южного Одеського району Одеської області | C44: 3793.412 | D44: 2024-2026 | E44: УКБ ПМР | F44: всього у т.ч.: | H44: =H45+H46 -> 3606.782 | J44: =G44+H44+I44 -> 3606.782
F45: Місцевий бюджет | H45: =2606.782-1000 -> 1606.782 | J45: =G45+H45+I45 -> 1606.782 | L45: готово
F46: Обласний бюджет | H46: 2000 | J46: =G46+H46+I46 -> 2000
A47: 2 | B47: Коригування проєктної документації "Капітальний ремонт ділянки теплових мереж від ТК-24 до ТК-25 м. Южного Одеської області" | C47: =J47 -> 200 | D47: 2027 | E47: УКБ ПМР | F47: Місцевий бюджет | I47: 200 | J47: =G47+H47+I47 -> 200 | L47: готово
A48: 3 | B48: Капітальний ремонт ділянки теплових мереж від ТК-24 до ТК-25 м. Южного Одеської області | C48: =J48 -> 6345.28 | D48: 2027 | E48: УКБ ПМР | F48: Місцевий бюджет | I48: 6345.28 | J48: =G48+H48+I48 -> 6345.28 | L48: готово
A49: 4 | B49: Проєктні роботи "Капітальний ремонт покрівлі будівлі котельної на котельні за адресою: вул. Старомиколаївське шосе, 8, м. Південного Одеського району Одеської області" | C49: =J49 -> 280 | D49: 2027 | E49: УКБ ПМР | F49: Місцевий бюджет | I49: 280 | J49: =G49+H49+I49 -> 280 | L49: готово
A50: 5 | B50: Коригування проєкту "Капітальний ремонт ділянки теплових мереж від ТК-17 до ЦТП № 24 м. Южного Одеської області" | C50: =J50 -> 240 | D50: 2027 | E50: УКБ ПМР | F50: Місцевий бюджет | I50: 240 | J50: =G50+H50+I50 -> 240
A51: 6 | B51: Проєктні роботи "Капітальний ремонт ділянки теплових мереж від ТК-6 до ТК-15 м. Южного Одеського району Одеської області" | C51: =J51 -> 280 | D51: 2027 | E51: УКБ ПМР | F51: Місцевий бюджет | I51: 280 | J51: =G51+H51+I51 -> 280
A52: 7 | B52: Проєктні роботи "Капітальний ремонт ділянки теплових мереж від ЦТП № 26 до вводу у житлові будинки по вул. Будівельників, 9, просп. Миру, 22, 26, опорного закладу "Ліцей № 2", ЗДО № 1 м. Южного Одеського району Одеської області" | C52: =J52 -> 480 | D52: 2027 | E52: УКБ ПМР | F52: Місцевий бюджет | I52: 480 | J52: =G52+H52+I52 -> 480
A53: 8 | B53: Проєктні роботи "Капітальний ремонт ділянки теплових мереж від ЦТП № 31 до ТК-31/4 м. Южного Одеського району Одеської області" | C53: =J53 -> 385 | D53: 2027 | E53: УКБ ПМР | F53: Місцевий бюджет | I53: 385 | J53: =G53+H53+I53 -> 385
A54: 9 | B54: Придбання запірної арматури для встановлення в теплових камерах м. Южного Одеського району Одеської області | C54: =J54 -> 199 | D54: 2027 | E54: УЖКГ ПМР/КП тм "ЮТКЕ" | F54: Місцевий бюджет | I54: 199 | J54: =G54+H54+I54 -> 199
A55: 10 | B55: Проєктні роботи "Капітальний ремонт ділянки теплових мереж від ТК-1 до ТК-17 м. Южного Одеського району Одеської області" | C55: =J55 -> 250 | D55: 2027 | E55: УКБ ПМР | F55: Місцевий бюджет | I55: 250 | J55: =G55+H55+I55 -> 250
A56: 11 | B56: Проєктні роботи "Капітальний ремонт ділянки теплових мереж від ТК-17 до ЦТП № 31 м. Южного Одеського району Одеської області" | C56: =J56 -> 425 | D56: 2027 | E56: УКБ ПМР | F56: Місцевий бюджет | I56: 425 | J56: =G56+H56+I56 -> 425
A57: 12 | B57: Проєктні роботи "Капітальний ремонт ділянки теплових мереж від ЦТП № 21 до вводу у житлові будинки по вул. Новобілярська 24,26 вул. Т.Г. Шевченка 1,5 м. Южного Одеського району Одеської області" | C57: =J57 -> 380 | D57: 2027 | E57: УКБ ПМР | F57: Місцевий бюджет | I57: 380 | J57: =G57+H57+I57 -> 380
A58: 13 | B58: Фінансова підтримка шляхом компенсації обгрунтованих витрат КОМУНАЛЬНОМУ ПІДПРИЄМСТВУ ТЕПЛОВИХ МЕРЕЖ «ЮЖТЕПЛОКОМУНЕНЕРГО» на виробництво, транспортування та постачання теплової енергії, послуг з постачання теплової енергії, як послуг, що становлять загальний економічний інтерес | C58: =J58 -> 105526.29 | D58: 2025-2027 | E58: УЖКГ ПМР/КП тм "ЮТКЕ" | F58: Місцевий бюджет | G58: 35175.43 | H58: 35175.43 | I58: 35175.43 | J58: =G58+H58+I58 -> 105526.29
A59: 14 | B59: Проєктні роботи "Реконструкція ділянки теплових мереж від ЦТП № 20 до вводу у житлові будинки по вул. Хіміків, 10, 12, 14, вул. Т.Г. Шевченка, 9, ЗДО №5 м. Южного Одеського району Одеської області" | C59: =J59 -> 493.907 | D59: 2027 | E59: УКБ ПМР | F59: Місцевий бюджет | I59: 493.907 | J59: =G59+H59+I59 -> 493.907 | L59: готово
A60: 15 | B60: Реконструкція котельні з встановленням когенераційної установки, за адресою: 65481, Одеська область, Одеський район, Южненська територіальна громада, м. Южне, вул. Старомиколаївське шосе, 8 | C60: 18595.843 | D60: 2024-2026 | E60: УКБ ПМР | F60: Всього у т.ч.: | G60: =G61+G62 -> 11192.888 | H60: =H61+H62 -> 3897.288 | J60: =J61+J62 -> 15090.176
F61: Місцевий бюджет | G61: 3194.912 | H61: 3897.288 | J61: =G61+H61+I61 -> 7092.2
F62: Обласний бюджет | G62: 7997.976 | J62: =G62+H62+I62 -> 7997.976
A63: 16 | B63: Реконструкція котельні з встановленням когенераційної установки, за адресою: 65481, Одеська область, Одеський район, Южненська територіальна громада, м. Южне, вул. Старомиколаївське шосе, 8. Додаткові роботи | C63: =J63 -> 3625.755 | D63: 2026 | E63: УКБ ПМР | F63: Місцевий бюджет | H63: 3625.755 | J63: =G63+H63+I63 -> 3625.755
A64: 17 | B64: Коригування проєктної документації: "Реконструкція котельні з встановленням когенераційної установки, за адресою: 65481, Одеська область, Одеський район, Южненська територіальна громада, м. Южне, вул. Старомиколаївське шосе, 8" | C64: =J64 -> 565.316 | D64: 2026 | E64: УКБ ПМР | F64: Місцевий бюджет | H64: 565.316 | J64: =G64+H64+I64 -> 565.316
A65: 18 | B65: Капітальний ремонт ділянки теплових мереж від ТК-15 до вводів у будівлі Ліцею № 1 та ЗДО № 3 м. Южного Одеського району Одеської області | C65: 2880.888 | D65: 2024-2025 | E65: УКБ ПМР | F65: Місцевий бюджет | G65: 329.821 | J65: =G65+H65+I65 -> 329.821
A66: 19 | B66: Капітальний ремонт (заміна віконних блоків) пошкоджених внаслідок збройної агресії об'єктів критичної інфраструктури: будівлі котельні та будівлі АПК і РММ комплексу "КОТЕЛЬНА", за адресою: Одеська область, Одеський район, Южненська територіальна громада, м. Південне, вул. Старомиколаївське шосе, будинок 8, у т.ч.: | C66: =J66 -> 5864.853 | D66: 2025 | E66: УКБ ПМР | F66: Всього у т.ч.: | G66: =G67+G68 -> 2619.243 | H66: =H67+H68 -> 3245.61 | J66: =G66+H66+I66 -> 5864.853
F67: Місцевий бюджет | G67: =618.265+2000.978 -> 2619.243 | H67: =641.997 -> 641.997 | J67: =G67+H67+I67 -> 3261.24
F68: інші джерела | G68: 0 | H68: 2603.613 | J68: =G68+H68+I68 -> 2603.613
B69: проєктні роботи | C69: =G69 -> 182.394 | F69: Місцевий бюджет | G69: 182.394 | J69: =G69+H69+I69 -> 182.394
A70: 20 | B70: Коригування проєктної документації: "Капітальний ремонт покрівлі будівлі АБК і РММ на котельні за адресою: вул. Старомиколаївське шосе, 8, м. Южного Одеського району Одеської області" | C70: =J70 -> 98.974 | D70: 2026 | E70: УКБ ПМР | F70: Місцевий бюджет | H70: 98.974 | J70: =G70+H70+I70 -> 98.974
A71: Всього за розділом | G71: =G72+G73+G74 -> 49317.382 | H71: =H72+H73+H74 -> 50215.155 | I71: =I72+I73+I74 -> 45133.617 | J71: =J72+J73+J74 -> 144666.15 | L71: =J44+J47+J48+J49+J50+J51+J52+J53+J54+J55+J56+J57+J58+J59+J60+J65+J66+J63+J64+J70 -> 144666.15
A72: Обласний бюджет: | G72: =G62+G46 -> 7997.976 | H72: =H62+H46 -> 2000 | I72: =I62+I46 -> 0 | J72: =J62+J46 -> 9997.976
A73: Інші джерела: | G73: =G68 -> 0 | H73: =H68 -> 2603.613 | I73: =I68 -> 0 | J73: =J68 -> 2603.613
A74: Місцевий бюджет: | G74: =SUM(G45:G70)-G62-G60-G69-G66-G68-G46 -> 41319.406 | H74: =SUM(H45:H70)-H62-H60-H69-H66-H68-H46 -> 45611.542 | I74: =SUM(I45:I70)-I62-I60-I69-I66-I68-I46 -> 45133.617 | J74: =SUM(J45:J70)-J62-J60-J69-J66-J68-J46 -> 132064.57 | K74: =SUM(K45:K70)-K62-K60-K69-K66-K68-K46 -> 0
A75: ІІІ. Санітарна очистка і благоустрій
A76: 1 | B76: Поточне утримання міських територій | C76: =J76 -> 87878.617 | D76: 2025-2027 | E76: УЖКГ ПМР/КП "Екосервіс" | F76: Місцевий бюджет | G76: 23596.601 | H76: =24477.362+3996.636 -> 28473.998 | I76: 35808.018 | J76: =G76+H76+I76 -> 87878.617 | L76: готово
A77: 2 | B77: Організація громадських та інших робіт тимчасового характеру | C77: =J77 -> 32.786 | D77: 2025-2027 | E77: УЖКГ ПМР/КП "Екосервіс" | F77: Місцевий бюджет | G77: 10.212 | H77: 10.927 | I77: 11.647 | J77: =G77+H77+I77 -> 32.786 | L77: готово
A78: 3 | B78: Поточне утримання фонтанів №№ 3, 4, 5, 6 на площі Перемоги міста Південного Одеського району Одеської області | C78: =J78 -> 1049.252 | D78: 2027 | E78: УЖКГ ПМР/КП "Екосервіс" | F78: Місцевий бюджет | I78: 1049.252 | J78: =G78+H78+I78 -> 1049.252 | L78: готово
A79: 4 | B79: Придбання хімічних реагентів для обслуговування фонтанів №№ 3,4,5,6 на площі Перемоги міста Південного Одеського району Одеської області | C79: =J79 -> 253.629 | D79: 2027 | E79: УЖКГ ПМР/КП "Екосервіс" | F79: Місцевий бюджет | I79: 253.629 | J79: =G79+H79+I79 -> 253.629 | L79: готово
A80: 5 | B80: Поточне утримання громадських вбиралень міста Південного Одеського району Одеської області | C80: =J80 -> 2421.017 | D80: 2025-2027 | E80: УЖКГ ПМР/КП "Екосервіс" | F80: Місцевий бюджет | G80: 675.928 | H80: =720.128+103.811 -> 823.939 | I80: 921.15 | J80: =G80+H80+I80 -> 2421.017 | L80: готово
A81: 6 | B81: Відлов бродячих тварин | C81: =J81 -> 312.916 | D81: 2025-2027 | E81: УЖКГ ПМР/КП "Екосервіс" | F81: Місцевий бюджет | G81: 83.848 | H81: 106.738 | I81: 122.33 | J81: =G81+H81+I81 -> 312.916 | L81: готово
A82: 7 | B82: Утримання територій загального користування | C82: =J82 -> 62908.265 | D82: 2025-2027 | E82: УЖКГ ПМР/КП «Узбережжя» | F82: Місцевий бюджет | G82: 18105.101 | H82: =19532.33+143.945 -> 19676.275 | I82: 25126.889 | J82: =G82+H82+I82 -> 62908.265 | L82: готово
A83: 8 | B83: Відлов бродячих тварин | C83: =J83 -> 271.785 | D83: 2025-2027 | E83: УЖКГ ПМР/КП «Узбережжя» | F83: Місцевий бюджет | G83: 62.159 | H83: 97.294 | I83: 112.332 | J83: =G83+H83+I83 -> 271.785 | L83: готово
A84: 9 | B84: Поточне утримання кладовищ | C84: =J84 -> 10735.398 | D84: 2025-2027 | E84: УЖКГ ПМР/КП "Ритуальні послуги" | F84: Місцевий бюджет | G84: 2937.034 | H84: =3149.869+344.593 -> 3494.462 | I84: 4303.902 | J84: =G84+H84+I84 -> 10735.398 | L84: готово
A85: 10 | B85: Реєстрація у ЄДЕССБ вулиць с. Нові Білярі Южненської міської територіальної громади Одеського району Одеської області | C85: =J85 -> 50.442 | D85: 2025 | E85: УЖКГ ПМР/КП «Узбережжя» | F85: Місцевий бюджет | G85: 50.442 | J85: =G85+H85+I85 -> 50.442
A86: 11 | B86: Реєстрація у ЄДЕССБ вулиць с. Булдинка Южненської міської територіальної громади Одеського району Одеської області | C86: =J86 -> 7.966 | D86: 2025 | E86: УЖКГ ПМР/КП «Узбережжя» | F86: Місцевий бюджет | G86: 7.966 | J86: =G86+H86+I86 -> 7.966
A87: 12 | B87: Проведення незалежної оцінки доріг с. Нові Білярі Южненської міської територіальної громади Одеського району Одеської області | C87: =J87 -> 28 | D87: 2025 | E87: УЖКГ ПМР/КП «Узбережжя» | F87: Місцевий бюджет | G87: 28 | J87: =G87+H87+I87 -> 28
A88: 13 | B88: Проведення незалежної оцінки доріг с. Булдинка Южненської міської територіальної громади Одеського району Одеської області | C88: =J88 -> 6 | D88: 2025 | E88: УЖКГ ПМР/КП «Узбережжя» | F88: Місцевий бюджет | G88: 6 | J88: =G88+H88+I88 -> 6
A89: 14 | B89: Проведення незалежної оцінки доріг с. Сичавка Южненської міської територіальної громади Одеського району Одеської області | C89: =J89 -> 31 | D89: 2025 | E89: УЖКГ ПМР/КП «Узбережжя» | F89: Місцевий бюджет | G89: 31 | J89: =G89+H89+I89 -> 31
A90: 15 | B90: Проведення незалежної оцінки доріг с. Кошари Южненської міської територіальної громади Одеського району Одеської області | C90: =J90 -> 6 | D90: 2025 | E90: УЖКГ ПМР/КП «Узбережжя» | F90: Місцевий бюджет | G90: 6 | J90: =G90+H90+I90 -> 6
A91: 16 | B91: Придбання мотоножиць | C91: =J91 -> 142.219 | D91: 2025-2027 | E91: УЖКГ ПМР/КП "Екосервіс" | F91: Місцевий бюджет | G91: =87.996-43.02 -> 44.976 | H91: 46.284 | I91: 50.959 | J91: =G91+H91+I91 -> 142.219 | L91: готово
A92: 17 | B92: Придбання висоторізів | C92: =J92 -> 75.123 | D92: 2025-2026 | E92: УЖКГ ПМР/КП "Екосервіс" | F92: Місцевий бюджет | G92: =63.998-27.59 -> 36.408 | H92: 38.715 | J92: =G92+H92+I92 -> 75.123 | L92: готово
A93: 18 | B93: Придбання мотокос | C93: =J93 -> 126.942 | D93: 2025, 2027 | E93: УЖКГ ПМР/КП "Екосервіс" | F93: Місцевий бюджет | G93: 57.688 | I93: 69.254 | J93: =G93+H93+I93 -> 126.942 | L93: готово | M93: 55.058
A94: 19 | B94: Придбання бензопил | C94: =J94 -> 78.921 | D94: 2025-2026 | E94: УЖКГ ПМР/КП "Екосервіс" | F94: Місцевий бюджет | G94: 41.998 | H94: 36.923 | J94: =G94+H94+I94 -> 78.921
A95: 20 | B95: Придбання газонокосарок | C95: =J95 -> 243.709 | D95: 2026-2027 | E95: УЖКГ ПМР/КП "Екосервіс" | F95: Місцевий бюджет | H95: 81.448 | I95: 162.261 | J95: =G95+H95+I95 -> 243.709 | L95: готово
A96: 21 | B96: Придбання газонокосарок з варіатором приводу коліс | C96: =J96 -> 28.499 | D96: 2025 | E96: УЖКГ ПМР/КП "Екосервіс" | F96: Місцевий бюджет | G96: =56.998-28.499 -> 28.499 | J96: =G96+H96+I96 -> 28.499
A97: 22 | B97: Придбання газонокосарки повнопривідної | C97: =J97 -> 32.499 | D97: 2025 | E97: УЖКГ ПМР/КП "Екосервіс" | F97: Місцевий бюджет | G97: =64.998-32.499 -> 32.499 | J97: =G97+H97+I97 -> 32.499
A98: 23 | B98: Придбання напівпричепа тракторного | C98: =J98 -> 254.868 | D98: 2025 | E98: УЖКГ ПМР/КП "Екосервіс" | F98: Місцевий бюджет | G98: 254.868 | J98: =G98+H98+I98 -> 254.868
A99: 24 | B99: Реконструкція благоустрою загальноміських територій з влаштуванням дитячого майданчику біля житлового будинку по вул. Хіміків, 18 м. Південного Одеського району Одеської області у т.ч.: | C99: =J99 -> 5660.334 | D99: 2025-2026 | E99: УКБ ПМР | F99: Місцевий бюджет | G99: =G100 -> 49.8 | H99: 5610.534 | J99: =G99+H99+I99 -> 5660.334
B100: проєктні роботи | C100: =J100 -> 49.8 | G100: 49.8 | J100: =G100+H100+I100 -> 49.8
...
